 Dungeon Crawl Stone Soup version 0.18.1-6-gd335043 (webtiles) character file.

109 Liquid the Slasher (level 4, -1/42 HPs)
             Began as a Naga Gladiator on May 19, 2016.
             Was an Initiate of Gozag.
             Slain by an orc wizard
             ... wielding a +0 dagger
              (3 damage)
             ... on level 4 of the Dungeon.
             The game lasted 00:09:46 (2246 turns).

Liquid the Slasher (Naga Gladiator)                 Turns: 2246, Time: 00:09:47

Health: -1/42      AC:  3    Str: 17    XL:     4   Next: 89%
Magic:  4/4        EV: 13    Int:  8    God:    Gozag
Gold:   117        SH:  7    Dex: 18    Spells: 0 memorised, 3 levels left

rFire  . . .     SeeInvis +     a - +0 long sword
rCold  . . .     Gourm    .     b - +0 leather armour
rNeg   . . .     Faith    .     i - +0 shield
rPois  +         Spirit   .     c - +0 helmet
rElec  .         Dismiss  .     (no cloak)
rCorr  .         Reflect  .     (no gloves)
SustAt .         Harm     .     (no barding)
MR     .....                    (no amulet)
Stlth  ++++......               (no ring)
                                (no ring)

@: agile, very slightly contaminated, hasted and slowed, very slow, not
resistant to hostile enchantments, stealthy
A: see invisible, deformed body, poison resistance, slowness 2, slow metabolism
1, spit poison 2, sturdy frame 1, AC +1
a: Spit Poison, Potion Petition, Call Merchant, Bribe Branch, Renounce Religion


You were on level 4 of the Dungeon.
You worshipped Gozag.
Gozag was noncommittal.
You were not hungry.

You visited 1 branch of the dungeon, and saw 4 of its levels.

You collected 137 gold pieces.
You paid 20 gold pieces to Gozag.

Inventory:

Hand Weapons
 a - a +0 long sword (weapon)
Missiles
 d - 3 throwing nets (quivered)
 k - 5 tomahawks of dispersal
Armour
 b - a +0 leather armour (worn)
 c - a +0 helmet (worn)
 i - a +0 shield (worn)
Potions
 e - a potion of agility {unknown}
 h - a potion of cure mutation {unknown}
 l - 2 potions of curing
 m - a potion of flight {unknown}
 n - a potion of magic {unknown}
Comestibles
 f - 5 bread rations


   Skills:
 + Level 3.1 Fighting
 * Level 4.2 Long Blades
 - Level 1.7 Throwing
 - Level 2.4 Dodging
 + Level 3.1 Stealth


You had 3 spell levels left.
You didn't know any spells.

Dungeon Overview and Level Annotations

Branches:
Dungeon (4/15)
 Temple: D:4-7

Altars:
Gozag


Innate Abilities, Weirdness & Mutations

You cannot wear boots.
Your serpentine skin is tough (AC +1).
You have supernaturally acute eyesight.
Armour fits poorly on your strangely shaped body.
Your system is resistant to poisons.
You cover ground very slowly.
You have a slow metabolism.
You can spit poison.
Your movements are slightly less encumbered by armour (ER -2).


Message History

The puff of flame hits you!
* * * LOW HITPOINT WARNING * * *
The orc wizard barely misses you. The hobgoblin closely misses you.
The orc wizard hits you but does no damage.
The orc wizard closely misses you.
You barely miss the orc wizard. The orc wizard barely misses you. x2
The hobgoblin closely misses you. You block the orc wizard's attack. x2
Unknown command.
You hit the orc wizard.
The orc wizard is heavily wounded.
You block the orc wizard's attack. The hobgoblin hits you with a club.
* * * LOW HITPOINT WARNING * * *
The orc wizard closely misses you. The orc wizard barely misses you.
The hobgoblin barely misses you.
Unknown command.
You closely miss the orc wizard.
The orc wizard is heavily wounded.
The orc wizard hits you with a dagger.
You die...
Your body crumbles into a pile of gold.

### #.. #.#
##.######. #.##
#.........
.....#.........
.......go...#
#@o<# #####


You could see 2 orc wizards and a hobgoblin.

Vanquished Creatures
  Terence (D:2)
  2 adders (D:2)
  2 worms (D:2)
  2 giant geckos (D:2)
  10 bats
  8 giant cockroaches
  5 goblins
  6 hobgoblins
  4 jackals (D:1)
  2 quokkas (D:2)
  A ball python (D:1)
  3 giant newts (D:2)
  3 kobolds
  3 rats
52 creatures vanquished.

Notes
Turn   | Place    | Note
--------------------------------------------------------------
     0 | D:1      | Liquid the Naga Gladiator began the quest for the Orb.
     0 | D:1      | Reached XP level 1. HP: 19/19 MP: 1/1
    30 | D:1      | Reached skill level 1 in Stealth
   146 | D:1      | Gained mutation: Your movements are slightly less encumbered by armour (ER -2). [potion of beneficial mutation]
   148 | D:1      | Reached XP level 2. HP: 5/27 MP: 2/2
   626 | D:1      | Reached XP level 3. HP: 29/33 MP: 3/3
  1335 | D:2      | Noticed Terence
  1519 | D:2      | Reached XP level 4. HP: 34/40 MP: 4/4
  1601 | D:2      | Reached skill level 4 in Long Blades
  1732 | D:2      | Found an opulent altar of Gozag.
  1833 | D:2      | Became a worshipper of Gozag Ym Sagoz the Greedy
  1870 | D:2      | Killed Terence
  2245 | D:4      | HP: 2/42 [hobgoblin/club (2)]
  2246 | D:4      | Slain by an orc wizard

Skill      XL: |  1  2  3  4 |
---------------+-------------+-----
Stealth        | 1 2 3 |  3.1
Long Blades    | 4 |  4.2
Fighting       | 3 |  3.1
Throwing       | |  1.7
Dodging        | |  2.4

Action                   |  1- 3 |  4- 6 || total
-------------------------+-------+-------++-------
Melee: Long sword        |   107 |    57 ||   164
Invok: Potion Petition   |       |     1 ||     1
 Abil: Spit Poison       |     7 |     2 ||     9
  Use: Potion            |     2 |       ||     2
       Scroll            |     3 |     4 ||     7
 Stab: Sleeping          |       |     1 ||     1
  Eat: Chunk             |     2 |     1 ||     3
       Pizza             |       |     1 ||     1
Armor: Leather armour    |    41 |    16 ||    57
Dodge: Dodged            |    73 |    30 ||   103
Block: Shield            |    12 |    20 ||    32
